 Dungeon Crawl Stone Soup version 0.26-a0-639-g72c4674329 (webtiles) character file.

Game seed: 422759381223494021

13029 Lanoc the Polluter (level 11, -11/71 HPs)
             Began as a Green Draconian Venom Mage on Sept 21, 2020.
             Was an Elder of Hepliaklqana.
             Mangled by a phantasmal warrior (22 damage)
             ... on level 11 of the Dungeon.
             The game lasted 00:28:30 (13035 turns).

Lanoc the Polluter (Green Draconian Venom Mage)    Turns: 13035, Time: 00:28:30

Health: -11/71     AC: 12    Str: 10    XL:     11   Next: 70%
Magic:  11/14      EV: 18    Int: 24    God:    Hepliaklqana [****..]
Gold:   442        SH:  0    Dex: 17    Spells: 6/14 levels left

rFire    . . .     SeeInvis .   j - +3 falchion of Veojy {speed, rElec rPois Dex+4} (curse)
rCold    . . .     Faith    .   (no shield)
rNeg     . . .     Spirit   .   (armour unavailable)
rPois    +         Reflect  .   d - +2 hat
rElec    +         Harm     .   D - +2 cloak {rCorr}
rCorr    +         Rampage  .   (no gloves)
MR       .....                  (no boots)
Stlth    ++........             (no amulet)
HPRegen  0.21/turn              v - +6 ring of intelligence
MPRegen  0.14/turn              I - ring of protection from magic

@: short of breath, vulnerable
A: breathe noxious fumes, unfitting armour, reduced essence, poison resistance,
cold-blooded, AC +7
a: Breathe Noxious Fumes, Recall Ancestor, Ancestor Identity, Transference,
Idealise, Renounce Religion


You were on level 11 of the Dungeon.
You worshipped Hepliaklqana.
Hepliaklqana was greatly pleased with you.
You visited 2 branches of the dungeon, and saw 12 of its levels.
You also visited: Sewer and Ossuary.

You collected 442 gold pieces.

Inventory:

Hand Weapons
 j - the cursed +3 falchion of Veojy (weapon) {speed, rElec rPois Dex+4}
   (You found it on level 5 of the Dungeon)

   Attacks with this weapon are significantly faster.
   It affects your dexterity (+4).
   It insulates you from electricity.
   It protects you from poison.
   It has a curse placed upon it.
Armour
 d - a +2 hat (worn)
 D - a +2 cloak of preservation (worn)
Jewellery
 v - a +6 ring of intelligence (left hand)
 w - a +6 ring of dexterity
 B - an uncursed ring of resist corrosion
 I - a ring of protection from magic (right hand)
Wands
 c - a wand of iceblast (9)
 f - a wand of digging (9)
 p - a wand of paralysis (5)
 s - a wand of flame (13)
 J - a wand of random effects (15)
Scrolls
 e - 4 scrolls of fear
 g - 7 scrolls of identify
 i - 7 scrolls of teleportation
 l - 2 scrolls of immolation
 m - 4 scrolls of enchant armour
 n - 5 scrolls of remove curse
 o - 4 scrolls of enchant weapon
 q - 3 scrolls of fog
 x - a scroll of vulnerability {unknown}
 y - 2 scrolls of amnesia
 F - a scroll of acquirement {unknown}
 H - a scroll of torment {unknown}
Potions
 a - a potion of mutation
 b - 3 potions of brilliance
 h - a potion of invisibility
 k - 2 potions of curing
 r - a potion of stabbing
 t - a potion of haste
 u - 2 potions of heal wounds
 z - 3 potions of might
 A - 2 potions of degeneration {unknown}
 C - a potion of ambrosia
 G - a potion of flight
Miscellaneous
 E - a phial of floods


   Skills:
 + Level 2.1 Fighting
 + Level 9.0 Dodging
 - Level 1.7 Stealth
 - Level 2.0 Spellcasting
 + Level 9.5 Transmutations
 - Level 15.1 Poison Magic
 + Level 1.9 Evocations


You had 6 spell levels left.
You knew the following spells:

 Your Spells              Type           Power        Failure   Level
a - Sting                 Tmut/Pois      ####         1%          1
b - Olgreb's Toxic Radia  Pois           ######..     1%          4
c - Ignite Poison         Fire/Tmut/Pois #####...     1%          3

Your spell library contained the following spells:

 Spells                   Type           Power        Failure   Level
 Poisonous Vapours        Pois/Air       #####.       1%          2
 Mephitic Cloud           Conj/Pois/Air  ####....     4%          3
 Animate Skeleton         Necr           #.....       12%         1
 Apportation              Tloc           #.....       12%         1
 Corona                   Hex            #......      12%         1
 Freeze                   Ice            #...         12%         1
 Summon Small Mammal      Summ           #...         12%         1
 Frozen Ramparts          Ice            #.....       34%         3
 Ozocubu's Armour         Ice            #.......     34%         3
 Hailstorm                Conj/Ice       #.......     75%         4
 Summon Ice Beast         Ice/Summ       #.......     75%         4


Dungeon Overview and Level Annotations

Branches:
Dungeon (11/15)            Temple (1/1) D:4            Lair (0/6) D:8
  Sewer (visited)         Ossuary (visited)
    Orc: D:9-12

Altars:
Ashenzari
Cheibriados
Dithmenos
Elyvilon
Fedhas
Gozag
Hepliaklqana
Kikubaaqudgha
Makhleb
Nemelex Xobeh
Okawaru
Qazlal
Ru
Sif Muna
Trog
Uskayaw
Vehumet
Wu Jian
Xom
Yredelemnul
Zin
The Shining One
Lugonu

Shops:
D:4 ?   D:7 ?   D:9 (   D:10 :

Annotations:
D:10 3 runed translucent doors, Guys Xao's ghost, novice DDDe


Innate Abilities, Weirdness & Mutations

You can breathe blasts of noxious fumes.
Your lurid green scales are hard. (AC +7)
You cannot fit into any form of body armour.
Your system is resistant to poisons. (rPois)
You are cold-blooded and may be slowed by cold attacks.
Your life essence is reduced to manifest your ancestor. (-10% HP)


Message History

The blast of choking fumes misses the phantasmal warrior.
Something hits you.
Cashile hits the phantasmal warrior with a +0 dagger of draining.
The phantasmal warrior hits you!
Casting: Ignite Poison (safe; 1% risk of failure)
Confirm with . or Enter, or press ? or * to list all spells.
You ignite the poison in your surroundings!
Something barely misses you.
Cashile hits the phantasmal warrior but does no damage.
The phantasmal warrior is engulfed in blazing flames.
The phantasmal warrior hits you!!
* * * LOW HITPOINT WARNING * * *
You closely miss the phantasmal warrior.
You tail-slap the phantasmal warrior, but do no damage.
The phantasmal warrior is moderately damaged.
Something hits you but does no damage.
Cashile closely misses the phantasmal warrior.
The phantasmal warrior is engulfed in blazing flames.
The phantasmal warrior hits you!!
You die...

#)#######....##.......
#............##...<...
#######.##...##.......
##.##...##.......
####.#.#...'........
####.#.#.#....###......
##.#.#.#.#.#...#
#......
#.#....R#.######
#...... ##○☼☼○W@.##
#...... #.#..?..#.#
#...... #.#..?....##
#...... #.#.#.....##
#...... #.)...#.#.#.#
#...... #.$..|..#.#.##
#...... #.#..!..#.####
#...... ##..$..( #
#...... #.#...?.
#......


You could see the friendly Cashile the hexer and a phantasmal warrior.

Vanquished Creatures
  3 two-headed ogres
  Pikel (D:7)
  Maurice (D:9)
  4 trolls
  A wyvern (D:9)
  8 yaks (D:10)
  2 vampires (D:11)
  A water moccasin (D:9)
  An acid dragon (D:8)
  Duvessa (D:7)
  4 orc warriors
  5 ogres
  3 ice beasts
  A black bear (D:10)
  2 phantoms
  4 sky beasts
  7 centaurs
  3 lemures (D:7)
  2 crocodiles
  5 big kobolds
  5 bullfrogs
  A water moccasin zombie (D:6)
  Dowan (D:7)
  5 scorpions
  12 killer bees
  6 howler monkeys
  3 wights (D:9)
  2 bullfrog zombies (Ossuary)
  4 centaur zombies
  4 jellies
  5 orc priests
  7 hounds
  12 orc wizards
  2 iguanas
  11 mummies (Ossuary)
  A hexer (D:11)
  6 worker ants
  A hound zombie (D:10)
  A hound skeleton (D:9)
  5 worker ant zombies
  4 gnolls (D:6)
  14 adders
  3 shadow imps
  2 white imps
  2 ufetubi
  An ooze (Sewer)
  2 adder skeletons
  5 adder zombies
  8 worms
  4 leopard geckos
  31 orcs
  7 ball pythons
  6 giant cockroaches
  6 goblins
  6 hobgoblins
  11 jackals
  15 kobolds
  3 quokkas
  7 bats
  3 frilled lizards
  A giant cockroach zombie (Ossuary)
  A jackal skeleton (D:5)
  A jackal zombie (Ossuary)
  A leopard gecko zombie (Ossuary)
  8 rats
305 creatures vanquished.

Vanquished Creatures (collateral kills)
  A wraith (D:11)
  A yak (D:10)
  A black bear (D:8)
  An ice beast (D:7)
  A sky beast (D:9)
  3 ogres
  A centaur (D:7)
  2 big kobolds
  A scorpion (D:8)
  A killer bee (D:8)
  2 bullfrog zombies
  A centaur zombie (Ossuary)
  A bullfrog skeleton (D:8)
  2 orc wizards
  2 worker ants
  2 mummies (Ossuary)
  A worker ant zombie (Ossuary)
  An adder (D:5)
  An adder zombie (Ossuary)
  3 worms (Sewer)
  A quokka (D:6)
  A quokka zombie (Ossuary)
  A rat (D:5)
32 creatures vanquished.

Vanquished Creatures (others)
  2 ice beasts
  7 hexers
  5 withered plants (Ossuary)
14 creatures vanquished.

Grand Total: 351 creatures vanquished

Notes
Turn   | Place    | Note
-------+----------+-------------------------------------------
     0 | D:1      | Lanoc the Draconian Venom Mage began the quest for the Orb.
     0 | D:1      | Reached XP level 1. HP: 14/14 MP: 3/3
   199 | D:1      | Reached XP level 2. HP: 12/20 MP: 1/5
   733 | D:2      | Reached XP level 3. HP: 12/26 MP: 0/6
  1337 | D:2      | Found a burning altar of Makhleb.
  1337 | D:2      | Found a radiant altar of Vehumet.
  1344 | D:3      | Reached skill level 4 in Poison Magic
  1447 | D:3      | Reached XP level 4. HP: 25/33 MP: 0/7
  1534 | D:3      | Found a shattered altar of Ashenzari.
  2174 | D:3      | Found a bloodstained altar of Trog.
  2719 | D:4      | Reached XP level 5. HP: 34/38 MP: 2/8
  2782 | D:4      | Found Miolots's Magic Scroll Shop.
  2930 | D:4      | Found a glowing silver altar of Zin.
  2973 | D:4      | Reached skill level 5 in Poison Magic
  3074 | D:4      | Reached XP level 6. HP: 45/45 MP: 9/9
  3271 | D:4      | Reached skill level 6 in Poison Magic
  3271 | D:4      | Your scales start taking on a lurid green colour.
  3271 | D:4      | Reached skill level 7 in Poison Magic
  3271 | D:4      | Reached XP level 7. HP: 44/50 MP: 5/10
  3271 | D:4      | Gained mutation: Your system is resistant to poisons.
                  | (rPois) [Green Draconian growth]
  3277 | D:4      | Learned a level 4 spell: Olgreb's Toxic Radiance
  3399 | D:4      | Found a sacrificial altar of Ru.
  3454 | D:4      | Found a white marble altar of Elyvilon.
  3686 | D:4      | Found a staircase to the Ecumenical Temple.
  3703 | Temple   | Entered the Ecumenical Temple
  3750 | Temple   | Became a worshipper of Hepliaklqana the Forgotten
  3954 | D:5      | Entered Level 5 of the Dungeon
  3959 | D:5      | Found a blossoming altar of Fedhas.
  3974 | D:5      | Reached skill level 8 in Poison Magic
  4096 | D:5      | Learned a level 3 spell: Ignite Poison
  4121 | D:5      | Found a glowing drain.
  4136 | Sewer    | Entered a sewer
  4261 | Sewer    | Reached XP level 8. HP: 48/51 MP: 11/11
  4723 | Sewer    | Reached skill level 9 in Poison Magic
  4937 | Sewer    | Reached * piety under Hepliaklqana
  5166 | D:5      | Got an ancient falchion
  5166 | D:5      | Identified the cursed +3 falchion of Veojy {speed, rElec
                  | rPois Dex+4} (You found it on level 5 of the Dungeon)
  5302 | D:5      | Reached skill level 5 in Transmutations
  5422 | D:5      | Reached skill level 5 in Dodging
  5671 | D:5      | Found a stormy altar of Qazlal.
  6083 | D:6      | Reached skill level 10 in Poison Magic
  6557 | D:6      | Reached XP level 9. HP: 38/55 MP: 8/12
  6662 | D:6      | Found an ornate altar of the Wu Jian Council.
  6782 | D:6      | Reached ** piety under Hepliaklqana
  6783 | D:6      | Remembered your ancestor Cashile as a hexer
  7215 | D:6      | Reached skill level 11 in Poison Magic
  7327 | D:7      | Noticed Pikel
  7375 | D:7      | Killed Pikel
  7462 | D:7      | Reached skill level 12 in Poison Magic
  7497 | D:7      | Noticed Duvessa
  7497 | D:7      | Noticed Dowan
  7511 | D:7      | Killed Dowan
  7524 | D:7      | Killed Duvessa
  7526 | D:7      | Found Lusuxal's Magic Scroll Shop.
  7558 | D:7      | Found a sand-covered staircase.
  7597 | Ossuary  | Entered an ossuary
  7774 | Ossuary  | Reached XP level 10. HP: 40/62 MP: 9/13
  8315 | D:7      | Found a shimmering blue altar of Sif Muna.
  8707 | D:8      | Reached *** piety under Hepliaklqana
  8713 | D:8      | Found a staircase to the Lair.
  8972 | D:8      | Reached skill level 13 in Poison Magic
  9827 | D:9      | Noticed a two-headed ogre
  9833 | D:9      | Killed a two-headed ogre
  9977 | D:9      | Found an iron altar of Okawaru.
 10074 | D:9      | Reached skill level 14 in Poison Magic
 10200 | D:9      | Found an ancient bone altar of Kikubaaqudgha.
 10201 | D:9      | Found a blossoming altar of Fedhas.
 10321 | D:9      | Found Miffuid's Antique Weapon Boutique.
 10396 | D:9      | Noticed a two-headed ogre
 10399 | D:9      | Killed a two-headed ogre
 10399 | D:9      | Reached XP level 11. HP: 66/66 MP: 6/14
 10401 | D:9      | Noticed Maurice
 10428 | D:9      | Killed Maurice
 10517 | D:9      | Found an opulent altar of Gozag.
 10652 | D:9      | Found a sparkling altar of Nemelex Xobeh.
 10966 | D:10     | Entered Level 10 of the Dungeon
 10966 | D:10     | Noticed a two-headed ogre
 10972 | D:10     | Killed a two-headed ogre
 11085 | D:10     | Reached skill level 15 in Poison Magic
 11377 | D:10     | Found a runed translucent gate.
 11378 | D:10     | Found a runed translucent gate.
 11379 | D:10     | Found a runed translucent gate.
 11381 | D:10     | Noticed Guys Xao's ghost (novice DDDe)
 11381 | D:10     | Noticed Guys Xao's ghost (novice DDDe)
 11441 | D:10     | Reached **** piety under Hepliaklqana
 11601 | D:10     | Found Wocvo's Book Boutique.
 11930 | D:10     | Reached skill level 1 in Fighting
 11949 | D:10     | Reached skill level 1 in Evocations
 12323 | D:11     | Noticed a phantasmal warrior
 13035 | D:11     | Mangled by a phantasmal warrior

Illustrated notes

Levels and vault maps discovered:
D:1:      nicolae_arrival_washed_ashore, layout_loops_cross, minmay_pentomino_r4
D:2:      cheibrodos_greedy_goblins, layout_basic,
          gammafunk_temple_overflow_elements, chequers_serial_rivers_micro_e
D:3:      layout_loops_corners, overflow_temple_1_default, ashenzari_altar_1
D:4:      layout_basic, nicolae_ru_the_path_less_chosen, lemuel_crystal_altar,
          elyvilon_altar_3, temple_pool_b, serial_shops, nicolae_shop_stone,
          minmay_cut_off
D:5:      layout_cave_pods, nicolae_qazlal_eye_of_the_storm,
          cheibrodos_sewer_entry_drain, chequers_jeans,
          fedhas_bush_and_centaur_altar
D:6:      layout_gridville, lemuel_doored_altar
D:7:      layout_cave_pools, enter_ossuary_2, serial_shops, nicolae_shop_trees,
          basic_altar, uniq_duvessa, uniq_pikel
D:8:      layout_basic, lair_entry_dummy
D:9:      layout_loops_ring, kennysheep_little_box,
          grunt_temple_overflow_growth_and_decay, grunt_gozag_statues,
          serial_shops, nicolae_shop_temple_entry_statues_fountains,
          grunt_ministairs_5, nemelex_lonely_heart_becter, uniq_maurice
D:10:     layout_long_grid, serial_shops, shop, gammafunk_ghost_cemetery,
          kennysheep_generic_room_2
D:11:     layout_basic, hangedman_batty, uniq_nergalle, uniq_urug
Temple:   corrupted_temple

Skill      XL: |  1  2  3  4  5  6  7  8  9 10 11 |
---------------+----------------------------------+-----
Dodging        | 2 3 4 5 6 8 9 |  9.0
Transmutations | 2 3 4 5 7 8 9 |  9.5
Poison Magic   | 4 5 7 8 10 12 14 15 | 15.1
Fighting       | 2 |  2.1
Evocations     | 1 |  1.9
Stealth        | |  1.7
Spellcasting   | |  2.0

Action                   |  1- 3 |  4- 6 |  7- 9 | 10-12 || total
-------------------------+-------+-------+-------+-------++-------
Melee: Unarmed           |    37 |    11 |       |       ||    48
       Tailslap          |     3 |     5 |    35 |    85 ||   128
       Rapier            |       |    31 |    95 |       ||   126
       Falchion          |       |       |   178 |   406 ||   584
 Cast: Sting             |    55 |    74 |     4 |       ||   133
       Olgreb's Toxic Ra |       |       |    41 |    18 ||    59
       Ignite Poison     |       |       |     9 |    19 ||    28
Invok: Ancestor Life: He |       |       |     1 |       ||     1
 Abil: Breathe Noxious F |       |       |    18 |    26 ||    44
  Use: Scroll            |       |       |    11 |     2 ||    13
       Potion            |       |       |     3 |     8 ||    11
 Stab: Sleeping          |       |     2 |       |     5 ||     7
       Distracted        |       |       |     3 |     7 ||    10
       Confused          |       |       |     1 |    15 ||    16
Armor: Skin              |    18 |    20 |    73 |    85 ||   196
Dodge: Dodged            |    37 |    57 |   194 |   326 ||   614
       Rpst.: Falchion   |       |       |    37 |    89 ||   126

Table legend: (Time is in decaauts)
 A = Elapsed time spent in this place.
 B = Non-inter-level travel time spent in this place.
 C = Inter-level travel time spent in this place.
 D = Time resting spent in this place.
 E = Time spent auto-exploring this place.
 F = Levels seen in this place.
 G = Mean time per level.
                   A        B        C        D        E       F      G
               +--------+--------+--------+--------+--------+-----+--------+
         Total |  13144 |  12992 |    152 |    160 |  10439 |  14 |  938.9 |
       Dungeon |  11312 |  11174 |    138 |     96 |   9208 |  11 | 1028.4 |
        Temple |     62 |     48 |     14 |      0 |     31 |   1 |   62.0 |
         Sewer |   1045 |   1045 |      0 |      0 |    835 |   1 | 1045.0 |
       Ossuary |    723 |    723 |      0 |     64 |    365 |   1 |  723.0 |
               +--------+--------+--------+--------+--------+-----+--------+

Top non-repeatable levels by time:
     D:3: 1348 daAuts
    D:10: 1282 daAuts
     D:6: 1267 daAuts
     D:4: 1212 daAuts
     D:9: 1171 daAuts
     D:5: 1146 daAuts
     D:8: 1077 daAuts
   Sewer: 1045 daAuts
    D:11: 771 daAuts
 Ossuary: 723 daAuts
     D:7: 693 daAuts
     D:1: 672 daAuts
     D:2: 668 daAuts
  Temple: 62 daAuts
